AoeStats
← InTrUsIoN

Nomad

510614979Analyzed
3v3 RM · 17h ago on Oct 1, 2026· 35m 53s· 6 players
Game mode
Random Map
Map size
210×210
Population
200
Speed
Normal
Resources
Standard
Victory
Conquest
Starting age
Dark Age
Ending age
Imperial Age
RankedLock teamsTeams togetherTeam positionsShared explorationLock speedFull tech treeHidden civsTurbo modeCheats
Victory
Defeat
🇨🇱 Sicilians · Chile
539
+13
🇷🇸 Britons · Serbia
504
+15
🇹🇷 Koreans · Türkiye
269
+24
🇺🇸 Lithuanians · United States
512
-19
🇦🇷 Varangians · Argentina
491
-18
🇧🇴 Inca · Bolivia
403
-15
InTrUsIoN
11:56 Loom
17:04 Feudal Age
21:11 Fishing Lines
21:47 Forging
21:45 Scale Barding Armor
31:48 Double-Bit Axe
wfcwilly
11:47 Loom
20:00 Feudal Age
20:36 Horse Collar
20:42 Double-Bit Axe
20:49 Gold Mining
27:49 Wheelbarrow
30:03 Castle Age
31:14 Heavy Plow
31:37 Bow Saw
31:48 Bow Saw
32:17 Stone Mining
33:10 Gold Shaft Mining
34:48 Hand Cart
Kowalsky
5:01 Loom
7:28 Loom
16:06 Feudal Age
16:30 Horse Collar
26:40 Castle Age
25:45 Stone Mining
26:42 Scale Mail Armor
30:08 Fletching
ema.frigo
6:16 Loom
13:24 Feudal Age
16:13 Man-at-Arms
21:24 Arson
26:02 Castle Age
34:04 Double-Bit Axe
34:03 Horse Collar
aydinturkmen46
5:05 Loom
20:50 Feudal Age
22:40 Double-Bit Axe
22:48 Gold Mining
22:49 Stone Mining
22:42 Fishing Lines
26:11 Wheelbarrow
25:22 Town Watch
35:25 Castle Age
33:40 Scale Barding Armor
33:36 Scale Mail Armor
33:46 Forging
lesterwood
6:45 Loom
17:32 Feudal Age
18:41 Double-Bit Axe
23:01 Horse Collar
26:52 Castle Age
27:43 Bow Saw
27:55 Heavy Plow
32:14 Stone Mining
32:15 Gold Mining
33:01 Murder Holes
32:57 Heated Shot
33:32 Ballistics
34:37 Wheelbarrow
Connection lost

Rejoining the realm…

Still unreachable

The connection could not be restored.

Session expired

The server has moved on; the page needs a fresh start.